 Dungeon Crawl Stone Soup version 0.30-a0-634-g8abc85282e (webtiles) character file.

Game seed: 15689733742340731402

280 Leeroy the Slasher (level 6, -1/35 HPs)
             Began as a Tengu Warper on Jan 14, 2023.
             Slain by a bullfrog (3 damage)
             ... on level 4 of the Dungeon.
             The game lasted 00:04:35 (2328 turns).

Leeroy the Slasher (Tengu Warper)                   Turns: 2328, Time: 00:04:35

Health: -1/35      AC:  3    Str: 11    XL:     6   Next: 27%
Magic:  10/10      EV: 14    Int: 14    God:
Gold:   125        SH:  0    Dex: 15    Spells: 1/9 levels left

rFire   . . .      SeeInvis .    r - +1 long sword (protect)
rCold   . . .      Faith    .    (no shield)
rNeg    . . .      Spirit   .    b - +0 leather armour
rPois   .          Reflect  .    (helmet restricted)
rElec   .          Harm     .    (no cloak)
rCorr   .          Rampage  .    (no gloves)
Will    .....                    (boots unavailable)
Stlth   +                        (no amulet)
HPRegen 0.25/turn                (no ring)
MPRegen 0.12/turn                (no ring)

@: flying quickly and evasively, quick
A: beak, talons 3, nimble flight
a: no special abilities


You were on level 4 of the Dungeon.
You visited 1 branch of the dungeon, and saw 4 of its levels.
You also visited: Sewer.

You collected 125 gold pieces.

Inventory:

Hand Weapons
 a - a +0 falchion
 r - a +1 long sword of protection (weapon)
 A - the +1 glaive "Vebip" {freeze, *Corrode rC+ Str+3 Int+2}
   (You found it on level 3 of the Dungeon)

   Str:       It affects your strength (+3).
   Int:       It affects your intelligence (+2).
   rC:        It protects you from cold.
   *Corrode:  It may corrode you when you take damage.
Missiles
 d - 7 boomerangs of dispersal (quivered)
Armour
 b - a +0 leather armour (worn)
Magical Staves
 g - a staff of poison
Wands
 w - a wand of polymorph (8)
 z - a wand of charming (12)
Scrolls
 c - 3 scrolls of blinking
 f - a scroll of noise
 h - 2 scrolls of poison
 i - a scroll of immolation
 k - 6 scrolls of teleportation
 l - a scroll of acquirement {unknown}
 n - a scroll of magic mapping {unknown}
 p - 2 scrolls of fear {unknown}
 s - a scroll of vulnerability {unknown}
 x - a scroll of fog {unknown}
 y - a scroll of identify
Potions
 e - 5 potions of curing
 j - 3 potions of mutation
 m - 4 potions of lignification
 o - 2 potions of flight
 q - a potion of attraction
 t - a potion of resistance {unknown}
 u - 3 potions of might {unknown}
 v - a potion of ambrosia {unknown}


   Skills:
 - Level 2.0 Fighting
 + Level 7.0 Long Blades
 - Level 1.0 Throwing
 - Level 1.1 Armour
 - Level 2.1 Dodging
 - Level 2.0 Spellcasting
 - Level 2.4 Translocations


You had one spell level left.
You knew the following spells:

 Your Spells              Type           Power      Damage    Failure   Level
a - Blink                 Tloc           16%        N/A       19%         2
b - Teleport Other        Tloc           8%         N/A       34%         3
c - Vhi's Electric Charg  Tloc/Air       8%         N/A       50%         3

Your spell library contained the following spells:

 Spells                   Type           Power      Damage    Failure   Level
 Lesser Beckoning         Tloc           16%        N/A       34%         3
 Sublimation of Blood     Necr           1%         N/A       43%         2
 Wereblood                Tmut           1%         N/A       43%         2
 Ozocubu's Armour         Ice            1%         N/A       67%         3
 Manifold Assault         Tloc           8%         N/A       75%         4
 Ozocubu's Refrigeration  Ice            0%         4d7       100%        7
 Summon Hydra             Summ           0%         N/A       100%        7


Dungeon Overview and Level Annotations

Branches:
Dungeon (4/15)              Sewer (visited)
 Temple: D:4-7

Altars:
Gozag

Shops:
D:2 [


Innate Abilities, Weirdness & Mutations

You have a beak for a mouth.
You have claws for feet.
Your magical nature lets you fly swiftly and evasively.


Message History

You kill the gnoll!
The gnoll misses you. The bullfrog closely misses you.
The bullfrog completely misses you.
You hit the bullfrog.
Your weapon exudes an aura of protection.
Your kick misses the bullfrog.
The bullfrog is lightly wounded.
The bullfrog hits you but does no damage.
The gnoll hits you but does no damage.
You closely miss the bullfrog. You claw the bullfrog.
Your peck misses the bullfrog.
The bullfrog is heavily wounded.
The bullfrog hits you but does no damage.
The quokka bites something.
The bullfrog hits you but does no damage.
The gnoll hits you but does no damage.
You barely miss the bullfrog. Your kick misses the bullfrog.
You peck the bullfrog.
The bullfrog is heavily wounded.
The quokka bites something.
The bullfrog hits you.
The gnoll hits you from afar with a +0 halberd!
The quokka bites something.
You barely miss the bullfrog. Your peck misses the bullfrog.
Your punch misses the bullfrog.
The bullfrog is heavily wounded.
The bullfrog hits you.
The bullfrog hits you but does no damage.
The gnoll hits you from afar with a +0 halberd!
* * * LOW HITPOINT WARNING * * *
The quokka completely misses something.
You are too injured to fight recklessly!
You are too injured to fight recklessly!
You are too injured to fight recklessly!
You are too injured to fight recklessly!
The bullfrog hits you.
* * * LOW HITPOINT WARNING * * *
The bullfrog attacks as you move away! The bullfrog closely misses you.
There is a stone staircase leading up here.
The bullfrog hits you.
You die...

♣♣. .. ..♣♣. P
#.###♣♣ ..!P♣§§
#....@♣♣♣
.♣...P♣
#####F♣P♣♣♣.....
#.gP♣Pr...#..P
##Pg♣P♣......P
#.....♣
#P♣♣..)......
#[P♣♣P♣.[_[.P
♣.♣ .........
.♣. P..#...#P


You could see a bullfrog, a gnoll and a hobgoblin.

Vanquished Creatures
  A water moccasin (Sewer)
  Robin (D:2)
  6 adders
  A gnoll (D:4)
  A worm (D:2)
  2 dart slugs (D:3)
  2 orcs (D:3)
  3 ball pythons
  10 bats
  6 endoplasms
  8 giant cockroaches
  10 goblins
  10 hobgoblins
  3 jackals
  6 kobolds
  8 quokkas
  A frilled lizard (D:3)
  4 rats
83 creatures vanquished.

Vanquished Creatures (others)
  3 plants (D:4)
3 creatures vanquished.

Grand Total: 86 creatures vanquished

Notes
Turn   | Place    | Note
-------+----------+-------------------------------------------
     0 | D:1      | Leeroy the Tengu Warper began the quest for the Orb.
     0 | D:1      | Reached XP level 1. HP: 12/12 MP: 4/4
   138 | D:1      | Reached skill level 3 in Long Blades
   138 | D:1      | Reached XP level 2. HP: 17/17 MP: 6/6
   504 | D:2      | Reached XP level 3. HP: 17/21 MP: 7/7
   531 | D:2      | Noticed Robin
   651 | D:2      | Killed Robin
   652 | D:2      | Reached skill level 4 in Long Blades
   785 | D:2      | Found Otonauzu's Armour Boutique.
   809 | D:2      | Reached XP level 4. HP: 26/26 MP: 8/8
   835 | D:2      | Found a faded altar of an unknown god.
   874 | D:2      | Reached skill level 5 in Long Blades
  1187 | D:2      | Learned a level 2 spell: Blink
  1191 | D:2      | Learned a level 3 spell: Teleport Other
  1341 | D:3      | Gained mutation: Your magical nature lets you fly swiftly
                  | and evasively. [Tengu growth]
  1341 | D:3      | Reached XP level 5. HP: 30/30 MP: 9/9
  1477 | D:3      | Found a glowing drain.
  1495 | Sewer    | Entered a sewer
  1606 | Sewer    | Noticed a water moccasin
  1711 | Sewer    | Learned a level 3 spell: Vhi's Electric Charge
  1749 | Sewer    | Killed a water moccasin
  1750 | Sewer    | Reached skill level 6 in Long Blades
  1750 | Sewer    | Reached XP level 6. HP: 35/35 MP: 10/10
  1986 | D:3      | Reached skill level 7 in Long Blades
  2000 | D:3      | Identified the +1 glaive "Vebip" {freeze, *Corrode rC+
                  | Str+3 Int+2}
  2313 | D:4      | Found an opulent altar of Gozag.
  2328 | D:4      | Slain by a bullfrog

Illustrated notes

Levels and vault maps discovered:
D:1:      ebering_trefoil_3fold, layout_basic
D:2:      layout_loops_cross, hellmonk_ecumenical_altar_arch_garden,
          serial_shops, shop, uniq_robin
D:3:      layout_loops_ring, gup_sewer_entry_pipe, minmay_pentomino_pile
D:4:      wad_woods_stonehenge, layout_basic, minmay_joined_circles

Skill      XL: |  1  2  3  4  5  6 |
---------------+-------------------+-----
Long Blades    | 3 4 5 6 7 |  7.0
Fighting       | |  2.0
Throwing       | |  1.0
Armour         | |  1.1
Dodging        | |  2.1
Spellcasting   | |  2.0
Translocations | |  2.4

Action                   |  1- 3 |  4- 6 || total
-------------------------+-------+-------++-------
Melee: Falchion          |    94 |    36 ||   130
       Kick              |    18 |    26 ||    44
       Peck              |    12 |    13 ||    25
       Punch             |     1 |     1 ||     2
       Long sword        |       |    80 ||    80
 Cast: Teleport Other    |       |     2 ||     2
  Use: Scroll            |       |     9 ||     9
 Stab: Sleeping          |       |     1 ||     1
Armor: Leather armour    |    39 |    42 ||    81
Dodge: Dodged            |    68 |    85 ||   153

Table legend: (Time is in decaauts)
 A = Elapsed time spent in this place.
 B = Non-inter-level travel time spent in this place.
 C = Inter-level travel time spent in this place.
 D = Time resting spent in this place.
 E = Time spent auto-exploring this place.
 F = Levels seen in this place.
 G = Mean time per level.
                   A        B        C        D        E       F      G
               +--------+--------+--------+--------+--------+-----+--------+
         Total |   2272 |   2223 |     49 |     94 |   1506 |   5 |  454.4 |
       Dungeon |   2016 |   1967 |     49 |     44 |   1409 |   4 |  504.0 |
         Sewer |    256 |    256 |      0 |     50 |     97 |   1 |  256.0 |
               +--------+--------+--------+--------+--------+-----+--------+

Top non-repeatable levels by time:
     D:3: 792 daAuts
     D:2: 760 daAuts
     D:1: 445 daAuts
   Sewer: 256 daAuts
     D:4: 18 daAuts
